 Dungeon Crawl Stone Soup version 0.30.1-4-g462c640d31 (webtiles) character file.

Game seed: 4687158836900879898

29685 monsoonserge the Skirmisher (level 13, -1/101 HPs)
             Began as a Demonspawn Monk on Sept 2, 2023.
             Was a High Priest of Trog.
             Slain by a tentacled starspawn (16 damage)
             ... on level 1 of the Abyss.
             The game lasted 00:54:12 (13977 turns).

monsoonserge the Skirmisher (Demonspawn Monk)      Turns: 13977, Time: 00:54:12

Health: -1/101     AC: 19    Str: 21    XL:     13   Next: 16%
Magic:  13/13      EV: 13    Int: 17    God:    Trog [*****.]
Gold:   1276       SH:  0    Dex: 22    Spells: 12/12 levels left

rFire   . . .        a - +7 great sword of the Nine Ultimatums {vamp, rElec rCorr Str+3}
rCold   + . .        (shield currently unavailable)
rNeg    . . .        Q - +7 Kryia's mail coat {PotionHeal*2 rC+}
rPois   .            Z - +0 hat {Stlth+}
rElec   +            (cloak unavailable)
rCorr   +            (no gloves)
SInv    .            E - +0 pair of boots of a Gauntlet {Str+4 Dex+3 Stlth+}
Will    .....        D - amulet of the acrobat
Stlth   +++          o - +6 ring of intelligence
HPRegen 0.36/turn    Y - ring of resist corrosion
MPRegen 0.13/turn

%: acrobat
@: no status effects
A: slimy green scales 2, ignite blood 2, weakness stinger 3
a: Renounce Religion, Berserk, Trog's Hand, Brothers in Arms


You were on level 1 of the Abyss.
You worshipped Trog.
Trog was extremely pleased with you.
You visited 3 branches of the dungeon, and saw 15 of its levels.
You visited the Abyss 1 time.
You also visited: Sewer and Bailey.

You collected 1474 gold pieces.
You spent 198 gold pieces at shops.

Inventory:

Hand Weapons
 a - the +7 great sword of the Nine Ultimatums (weapon) {vamp, rElec rCorr Str+3}
   (You found it in a bailey)

   Str:       It affects your strength (+3).
   rElec:     It insulates you from electricity.
   rCorr:     It protects you from acid and corrosion.
 b - the +7 arbalest of Conservatism {penet, Stlth+}
   (You found it on level 3 of the Dungeon)

   Stlth:     It makes you more stealthy.
 S - the +7 Throatcutter {drain, coup de grace}
   (You took it off Terence on level 3 of the Dungeon)
Missiles
 q - 18 boomerangs (quivered)
 t - 50 poisoned darts
 B - 3 silver boomerangs
 C - 2 throwing nets
 G - 3 curare-tipped darts
 H - 5 javelins
 U - 6 atropa-tipped darts
Armour
 E - the +0 pair of boots of a Gauntlet (worn) {Str+4 Dex+3 Stlth+}
   (You found it on level 7 of the Dungeon)

   Str:       It affects your strength (+4).
   Dex:       It affects your dexterity (+3).
   Stlth:     It makes you more stealthy.
 Q - the +7 Kryia's mail coat (worn) {PotionHeal*2 rC+}
   (You found it on level 9 of the Dungeon)

   PotionHeal*2: Potions heal its wearer twice as much.
   rC:        It protects you from cold.
 R - +0 swamp dragon scales
 T - +0 acid dragon scales
 Z - a +0 hat of stealth (worn)
Jewellery
 o - a +6 ring of intelligence (left hand)
 D - an amulet of the acrobat (around neck)
 Y - a ring of resist corrosion (right hand)
Wands
 g - a wand of roots (6)
 j - a wand of quicksilver (20)
 v - a wand of mindburst (14)
 z - a wand of charming (19)
 W - a wand of flame (22)
Scrolls
 e - 10 scrolls of teleportation
 h - 2 scrolls of enchant weapon
 m - 5 scrolls of poison
 p - 4 scrolls of vulnerability
 r - 3 scrolls of fear
 y - 2 scrolls of magic mapping
 A - 7 scrolls of fog
 F - a scroll of torment
 J - 2 scrolls of blinking
 N - 2 scrolls of immolation
 P - 3 scrolls of enchant armour
Potions
 c - a potion of ambrosia
 f - 3 potions of resistance
 i - 2 potions of lignification
 k - 4 potions of attraction
 l - 5 potions of curing
 n - 3 potions of might
 s - 7 potions of heal wounds
 u - 3 potions of invisibility
 w - a potion of magic {unknown}
 x - 2 potions of mutation {unknown}
 I - 2 potions of degeneration {unknown}
 O - 3 potions of haste
 V - a potion of cancellation {unknown}
 X - a potion of flight {unknown}
Miscellaneous
 d - a tin of tremorstones (2/2)
 K - a phial of floods
 L - a phantom mirror
 M - a box of beasts


   Skills:
 + Level 9.3 Fighting
 + Level 9.4 Long Blades
 + Level 12.5 Ranged Weapons
 + Level 0.3 Throwing
 + Level 7.4 Armour
 + Level 5.3 Dodging
 + Level 2.5 Stealth
 * Level 7.8 Evocations


You had 12 spell levels left.
You didn't know any spells.
Your spell library contained the following spells:

 Spells                   Type           Power      Damage    Failure   Level
 Ensorcelled Hibernation  Hex/Ice        0%         N/A       65%         2
 Lesser Beckoning         Tloc           0%         N/A       65%         2
 Poisonous Vapours        Pois/Air       0%         N/A       65%         2
 Sublimation of Blood     Necr           0%         N/A       65%         2
 Gell's Gravitas          Tloc           0%         N/A       86%         3
 Mephitic Cloud           Conj/Pois/Air  0%         N/A       86%         3
 Spider Form              Tmut/Pois      0%         N/A       86%         3
 Teleport Other           Tloc           0%         N/A       86%         3
 Anguish                  Hex/Necr       0%         N/A       99%         4
 Animate Dead             Necr           0%         N/A       99%         4
 Freezing Cloud           Conj/Ice/Air   0%         6-21      100%        5
 Simulacrum               Ice/Necr       0%         N/A       100%        6
 Haunt                    Necr/Summ      0%         N/A       100%        7
 Ozocubu's Refrigeration  Ice            0%         4d7       100%        7
 Infestation              Necr           0%         N/A       100%        8
 Lehudib's Crystal Spear  Conj/Erth      0%         10d2      100%        8
 Death's Door             Necr           0%         N/A       100%        9
 Polar Vortex             Ice            0%         N/A       100%        9


Dungeon Overview and Level Annotations

Branches:
Dungeon (12/15)            Temple (1/1) D:4            Lair (0/5) D:9
    Orc (2/2) D:11            Elf (0/3) Orc:2         Sewer (visited)
 Bailey (visited)

Altars:
Ashenzari
Cheibriados
Dithmenos
Fedhas
Gozag
Hepliaklqana
Kikubaaqudgha
Makhleb
Nemelex Xobeh
Okawaru
Qazlal
Ru
Sif Muna
Trog
Uskayaw
Vehumet
Wu Jian
Xom
Yredelemnul

Shops:
D:1 ?   D:5 (   D:9 *   D:12 !   Orc:2 :

Annotations:
D:8 3 runed translucent doors, kitiara's ghost, novice TeAE
Orc:2 Erolcha


Innate Abilities, Weirdness & Mutations

You are mostly covered in slimy green scales. (AC +3)
Your demonic aura often causes spilled blood to erupt in flames.
You have a sharp stinger which inflicts weakening toxins.


Message History

The starspawn tentacle grabs you. The starspawn tentacle constricts you.
The tentacled starspawn bites you.
The tentacled starspawn closely misses you.
Press: ? - help, v - describe, . - travel
Here: a starspawn tentacle (constricting you)
The floor.
You slice the starspawn tentacle!!
The starspawn tentacle is almost destroyed.
The starspawn tentacle constricts you. The tentacled starspawn bites you!!
* * * LOW HITPOINT WARNING * * *
The tentacled starspawn completely misses you.
Unknown command.
You hit the starspawn tentacle.
You destroy the starspawn tentacle!
The starspawn tentacle barely misses you.
A tentacle flies out from the starspawn's body!
The starspawn tentacle grabs you. The starspawn tentacle constricts you.
A starspawn tentacle comes into view.
Unknown command.
Press: ? - help, v - describe, . - travel
Here: a starspawn tentacle (flame)
The floor, spattered with blood.
You slice the starspawn tentacle!!
You destroy the starspawn tentacle!
The tentacled starspawn bites you.
* * * LOW HITPOINT WARNING * * *
The tentacled starspawn tentacle-slaps you!
* * * LOW HITPOINT WARNING * * *
The starspawn tentacle is engulfed in blazing flames.
The starspawn tentacle grabs you. The starspawn tentacle constricts you.
* * * LOW HITPOINT WARNING * * *
Press: ? - help, v - describe, . - travel
Here: a starspawn tentacle (flame, lightly damaged, constricting you)
The floor, spattered with blood.
You slice the starspawn tentacle!!
You destroy the starspawn tentacle!
Tentacles burst from the starspawn's body!
The tentacled starspawn bites you but does no damage.
The tentacled starspawn tentacle-slaps you!
You die...

##.# # ##....##
#........## #.
#.....#...#
#.#..##....#..##
#..#........ .# ##.
...## # # #..#..#
...# ##.@w#.# ....#
#.....wX°#...#..#.#
#......### #. .. .
#....#. .#.#.##.##
..##.#. ## . .# # .
. .. ##.. . ∆ . ..
.. # ## #.#


You could see a tentacled starspawn and 2 starspawn tentacles.

Vanquished Creatures
  A tentacled starspawn (Abyss:1)
  A hydra (D:11)
  A rakshasa (Abyss:1)
  6 two-headed ogres
  A large abomination (Abyss:1)
  Amaemon (D:11)
  A skeletal warrior (D:9)
  The ghost of ranchalot the Cutter, a novice DsRe of Yredelemnul (D:7)
  Pikel (D:8)
  An orc sorcerer (Orc:1)
  2 orc knights
  3 manticores
  2 gargoyles
  An orange demon (D:11)
  Maggie (D:9)
  An unseen horror (D:12)
  3 komodo dragons
  6 trolls
  6 saltlings (Orc:2)
  Grinder (D:4)
  2 small abominations (Abyss:1)
  4 spriggans (Bailey)
  5 shadows
  5 yaks
  2 wyverns
  2 wraiths (D:12)
  A chaos spawn (Abyss:1)
  3 steam dragons
  10 vampire mosquitoes
  6 wargs
  2 acid dragons
  A water moccasin (D:7)
  15 orc warriors
  A black bear (D:7)
  An ice beast (D:5)
  A sky beast (D:8)
  16 ogres
  10 centaurs
  2 phantoms
  Blork the orc (D:5)
  10 kobold brigands
  3 gnoll sergeants
  A scorpion (D:5)
  2 bullfrogs
  10 wights
  16 killer bees
  2 howler monkeys (D:9)
  5 electric eels (D:8)
  4 hounds
  13 orc priests
  A gnoll bouda (D:5)
  3 jellies
  3 sleepcaps
  Terence (D:3)
  21 orc wizards
  6 iguanas
  A mummy (D:10)
  18 adders
  22 gnolls
  2 river rats (Sewer)
  A shadow imp (D:7)
  2 white imps
  An ufetubus (D:7)
  6 worms
  A dart slug (D:5)
  59 orcs
  7 ball pythons
  10 endoplasms
  5 giant cockroaches
  8 goblins
  5 hobgoblins
  3 jackals (D:1)
  3 quokkas
  7 bats
  3 frilled lizards
  31 kobolds
  7 rats
  3 starspawn tentacles (Abyss:1)
437 creatures vanquished.

Vanquished Creatures (others)
  An orc (Orc:2)
  2 starspawn tentacles (Abyss:1)
3 creatures vanquished.

Grand Total: 440 creatures vanquished

Notes
Turn   | Place    | Note
-------+----------+-------------------------------------------
     0 | D:1      | monsoonserge the Demonspawn Monk began the quest for the
                  | Orb.
     0 | D:1      | Reached XP level 1. HP: 18/18 MP: 1/1
   258 | D:1      | Gained mutation: You have a small tail. [demonic ancestry]
   258 | D:1      | Reached XP level 2. HP: 23/24 MP: 2/2
   311 | D:1      | Found The Oracle's Delphic Readings.
   316 | D:1      | Bought a scroll of noise for 12 gold pieces
   655 | D:1      | Found a faded altar of an unknown god.
   660 | D:1      | Prayed at the altar of an unknown god.
   660 | D:1      | Became a worshipper of Trog the Wrathful
   660 | D:1      | Reached * piety under Trog
   660 | D:1      | Reached ** piety under Trog
   823 | D:2      | Gained mutation: You have a tail ending in a sharp stinger.
                  | [demonic ancestry]
   823 | D:2      | Reached XP level 3. HP: 29/29 MP: 3/3
   928 | D:1      | Bought a scroll of teleportation for 36 gold pieces
  1177 | D:2      | Reached XP level 4. HP: 36/36 MP: 4/4
  1261 | D:2      | Reached *** piety under Trog
  1463 | D:2      | Reached skill level 1 in Armour
  1789 | D:3      | Found a basalt altar of Yredelemnul.
  1790 | D:3      | Identified the +7 arbalest of Conservatism {penet, Stlth+}
  2071 | D:3      | Found an ornate altar of the Wu Jian Council.
  2078 | D:3      | Noticed a spectral centipede
  2078 | D:3      | Noticed a spectral black mamba
  2078 | D:3      | Noticed a spectral cane toad
  2173 | D:3      | Found an iron altar of Okawaru.
  2355 | D:3      | Noticed Terence
  2359 | D:3      | Killed Terence
  2360 | D:3      | Reached XP level 5. HP: 17/41 MP: 5/5
  2484 | D:3      | Found a bloodstained altar of Trog.
  2529 | D:4      | Noticed Grinder
  2575 | D:4      | HP: 1/42 [Grinder (2)]
  2624 | D:4      | Paralysed by Grinder for 2 turns
  2630 | D:4      | Killed Grinder
  2631 | D:4      | Reached skill level 1 in Ranged Weapons
  2631 | D:4      | Gained mutation: You are partially covered in slimy green
                  | scales. (AC +2) [demonic ancestry]
  2631 | D:4      | Reached XP level 6. HP: 8/48 MP: 6/6
  2802 | D:4      | Found a staircase to the Ecumenical Temple.
  2818 | Temple   | Entered the Ecumenical Temple
  3111 | D:4      | Reached skill level 2 in Ranged Weapons
  3111 | D:4      | Gained mutation: Your demonic aura sometimes causes spilled
                  | blood to erupt in flames. [demonic ancestry]
  3111 | D:4      | Reached XP level 7. HP: 54/54 MP: 7/7
  3340 | D:5      | Entered Level 5 of the Dungeon
  3345 | D:5      | Reached skill level 5 in Long Blades
  3372 | D:5      | Noticed Blork the orc
  3374 | D:5      | Killed Blork the orc
  3375 | D:5      | Reached skill level 3 in Ranged Weapons
  3402 | D:5      | Reached **** piety under Trog
  3403 | D:5      | Reached skill level 1 in Stealth
  3592 | D:5      | Reached skill level 4 in Ranged Weapons
  3592 | D:5      | Gained mutation: You are mostly covered in slimy green
                  | scales. (AC +3) [demonic ancestry]
  3592 | D:5      | Reached XP level 8. HP: 53/61 MP: 6/8
  3798 | D:5      | Found Suixuhy's Weapon Shop.
  3947 | D:5      | Reached skill level 5 in Ranged Weapons
  4051 | D:5      | Reached skill level 5 in Fighting
  4344 | D:6      | Found a glowing drain.
  4426 | Sewer    | Entered a sewer
  4545 | Sewer    | Reached skill level 6 in Ranged Weapons
  4999 | Sewer    | Reached ***** piety under Trog
  5327 | D:6      | Gained mutation: You have a sharp stinger which inflicts
                  | weakening toxins. [demonic ancestry]
  5327 | D:6      | Reached XP level 9. HP: 68/68 MP: 9/9
  5612 | D:6      | Found a hazy altar of Hepliaklqana.
  5620 | D:6      | Found a burning altar of Makhleb.
  5717 | D:6      | Found a hide-covered altar of Uskayaw.
  5830 | D:7      | Found a runed translucent door.
  5833 | D:7      | Found a runed translucent door.
  5862 | D:7      | Noticed a gargoyle
  5862 | D:7      | Noticed a troll
  5863 | D:7      | Noticed a troll
  5864 | D:7      | Killed a troll
  5864 | D:7      | Noticed a troll
  5865 | D:7      | Reached skill level 7 in Ranged Weapons
  5865 | D:7      | Killed a gargoyle
  5866 | D:7      | Noticed a troll
  5868 | D:7      | Killed a troll
  5871 | D:7      | Killed a troll
  5872 | D:7      | Reached skill level 8 in Ranged Weapons
  5873 | D:7      | Killed a troll
  5953 | D:7      | Identified the +3 leather armour "Wehachab" {Str+2}
  5971 | D:7      | Identified the +0 pair of boots of a Gauntlet {Str+4 Dex+3
                  | Stlth+}
  5989 | D:7      | Got the Handbook of the Shadowy Valley
  6153 | D:7      | Reached skill level 1 in Evocations
  6187 | D:7      | Received a gift from Trog
  6188 | D:7      | Reached skill level 9 in Ranged Weapons
  6269 | D:7      | Reached XP level 10. HP: 77/77 MP: 10/10
  6410 | D:7      | Found a runed translucent door.
  6718 | D:7      | Noticed ranchalot's ghost (novice DsRe)
  6871 | D:7      | Reached skill level 5 in Armour
  6883 | D:7      | You fall into a shaft and drop 2 floors!
  6892 | D:9      | Found the +7 Kryia's mail coat {PotionHeal*2 rC+}
  6895 | D:9      | Noticed Maggie
  6900 | D:9      | Killed Maggie
  6968 | D:9      | Found a flagged portal.
  6974 | D:9      | Identified the +4 halberd of the Ageless Seas {flame,
                  | Will+}
  6985 | Bailey   | Entered a bailey
  7036 | Bailey   | Reached skill level 10 in Ranged Weapons
  7132 | Bailey   | Noticed a two-headed ogre
  7142 | Bailey   | Killed a two-headed ogre
  7327 | Bailey   | Identified the +7 great sword of the Nine Ultimatums {vamp,
                  | rElec rCorr Str+3}
  7422 | D:8      | Identified the +0 whip of Hard Scrabble {flame, Fragile Fly
                  | Dex+7}
  7560 | D:8      | Gained mutation: Your demonic aura often causes spilled
                  | blood to erupt in flames. [demonic ancestry]
  7560 | D:8      | Reached XP level 11. HP: 65/84 MP: 11/11
  7897 | D:7      | Killed ranchalot's ghost
  8046 | D:8      | Noticed Pikel
  8051 | D:8      | Killed Pikel
  8129 | D:8      | Found an opulent altar of Gozag.
  8239 | D:8      | Found a runed translucent gate.
  8240 | D:8      | Found a runed translucent gate.
  8242 | D:8      | Found a runed translucent gate.
  8242 | D:8      | Noticed kitiara's ghost (novice TeAE)
  8595 | D:9      | Found a staircase to the Lair.
  8633 | D:9      | Reached skill level 11 in Ranged Weapons
  8696 | D:9      | Found Jonarap's Elemental Accessories.
  8843 | D:9      | Found a stormy altar of Qazlal.
  8845 | D:9      | Found a shimmering altar of Xom.
  8845 | D:9      | Found a blossoming altar of Fedhas.
  8854 | D:9      | Found a basalt altar of Yredelemnul.
  8854 | D:9      | Found an opulent altar of Gozag.
  8854 | D:9      | Found an ornate altar of the Wu Jian Council.
  9114 | D:9      | Noticed a two-headed ogre
  9120 | D:9      | Killed a two-headed ogre
  9123 | D:9      | Reached skill level 5 in Evocations
  9123 | D:9      | Noticed a two-headed ogre
  9127 | D:9      | Killed a two-headed ogre
  9128 | D:9      | Noticed a two-headed ogre
  9133 | D:9      | Killed a two-headed ogre
  9134 | D:9      | Noticed a skeletal warrior
  9145 | D:9      | Killed a skeletal warrior
  9459 | D:10     | Entered Level 10 of the Dungeon
  9468 | D:10     | Noticed a two-headed ogre
  9475 | D:10     | Killed a two-headed ogre
  9760 | D:10     | Found a snail-covered altar of Cheibriados.
  9930 | D:10     | Reached XP level 12. HP: 94/94 MP: 12/12
 10124 | D:10     | Noticed a two-headed ogre
 10126 | D:10     | Killed a two-headed ogre
 10374 | D:11     | Found a staircase to the Orcish Mines.
 10381 | D:11     | Received a gift from Trog
 10492 | D:11     | Noticed a four-headed hydra
 10494 | D:11     | Noticed Amaemon
 10556 | D:11     | Killed Amaemon
 10951 | D:11     | Reached skill level 5 in Dodging
 10985 | D:11     | Killed a four-headed hydra
 11247 | D:11     | Found a sparkling altar of Nemelex Xobeh.
 11286 | Orc:1    | Entered Level 1 of the Orcish Mines
 11372 | D:12     | Found Akua's Distillery.
 11423 | D:12     | Reached skill level 12 in Ranged Weapons
 11717 | D:12     | Bought a potion of haste for 150 gold pieces
 12120 | D:12     | Reached ****** piety under Trog
 12309 | Orc:1    | Received a gift from Trog
 12549 | Orc:2    | Entered Level 2 of the Orcish Mines
 12549 | Orc:2    | Found Qemeot's Vocational Training.
 13473 | Orc:2    | Found a staircase to the Elven Halls.
 13769 | Orc:2    | Reached XP level 13. HP: 97/101 MP: 13/13
 13781 | Orc:2    | Noticed Erolcha
 13799 | Abyss:1  | Cast into level 1 of the Abyss (Erolcha)
 13913 | Abyss:1  | Noticed a tentacled starspawn
 13922 | Abyss:1  | Killed a tentacled starspawn
 13936 | Abyss:1  | Received a gift from Trog
 13969 | Abyss:1  | Noticed a tentacled starspawn
 13977 | Abyss:1  | Slain by a tentacled starspawn

Illustrated notes

Levels and vault maps discovered:
D:1:      lightli_arrival_noodles, layout_loops_ring,
          hellmonk_ecumenical_altar_leap_of_faith, dreamdust_mushroom_princess,
          nicolae_nh_oracle_at_delphi
D:2:      layout_loops_ring
D:3:      layout_loops_ring, lemuel_round_altar,
          pdpol_wu_jian_five_deadly_venoms, mainiacjoe_overflow_cross_hatched,
          mainiacjoe_overflow_small_starburst, uniq_terence
D:4:      layout_cave_pools, minmay_temple_entry_purple_smoke,
          nicolae_elevator_lobby_plus, uniq_grinder
D:5:      kb_forest_paths, layout_loops_ring, serial_shops,
          nicolae_shop_rolling_square, amcnicky_mini_pool_medium,
          uniq_blork_the_orc
D:6:      layout_loops_cross, grunt_temple_overflow_cloverleaf,
          nicolae_uskayaw_murder_on_the_dancefloor,
          cheibrodos_sewer_entry_drain, kb_lookout_dungeons_type
D:7:      minmay_the_grid_triangle_9x9_rhombus_thin
          [minmay_the_grid_triangle_9x9_tough_junction,
          minmay_the_grid_triangle_9x9_prize_center,
          minmay_the_grid_triangle_9x9_empty,
          minmay_the_grid_triangle_9x9_zippers_vertical], layout_loops_ring,
          hellmonk_ghost_happy_afterlife
D:8:      layout_cave_pools, grunt_gozag_breadcrumbs,
          gammafunk_ghost_nasty_kobolds, chequers_big_river, uniq_pikel
D:9:      layout_rooms, doesnt_xom_only_xom, erik_lair_orcish_takeover,
          enter_bailey_2, roderic_nine_men_s_morris, nicolae_elemental_shop,
          chequers_hall_statues_y, nzn_random_ring, uniq_maggie
D:10:     layout_basic, slow_altar_1, chequers_avenue
D:11:     layout_cave_pools, david_orc_3, nemelex_xobeh_ov_fountains_minmay,
          uniq_amaemon
D:12:     layout_irregular_city, serial_shops, nicolae_shop_just_a_little_nook,
          amcnicky_mini_pool_small
Temple:   hellmonk_temple_rainy
Orc:1:    layout_caves
Orc:2:    hellmonk_orc_salted, layout_caves, nicolae_shop_vocational,
          uniq_erolcha
Abyss:1:  base:
D:2

Skill      XL: |  1  2  3  4  5  6  7  8  9 10 11 12 |
---------------+-------------------------------------+-----
Dodging        | 3 4 5 |  5.3
Long Blades    | 3 4 5 6 7 9 |  9.4
Armour         | 1 2 3 4 5 6 7 |  7.4
Ranged Weapons | 1 2 4 6 9 10 11 12 | 12.5
Fighting       | 4 5 6 7 8 9 |  9.3
Stealth        | 1 2 |  2.5
Evocations     | 1 4 5 7 |  7.8
Throwing       | |  0.3

Action                     |  1- 3 |  4- 6 |  7- 9 | 10-12 | 13-15 || total
---------------------------+-------+-------+-------+-------+-------++-------
  Melee: Falchion          |    86 |    33 |       |       |       ||   119
         Tailslap          |     4 |     7 |    12 |    30 |     6 ||    59
         Long sword        |       |    29 |    66 |    24 |       ||   119
         Punch             |       |     1 |       |       |       ||     1
         Great sword       |       |       |       |   202 |    31 ||   233
   Fire: Arbalest          |       |    35 |   156 |   297 |     9 ||   497
  Throw: Boomerang         |       |       |       |     4 |       ||     4
 Invoke: Berserk           |     1 |       |       |     1 |       ||     2
         Trog's Hand       |       |       |       |     1 |     1 ||     2
         Brothers in Arms  |       |       |       |       |     1 ||     1
    Use: Potion            |       |     1 |       |       |     2 ||     3
         Scroll            |       |       |       |    15 |       ||    15
   Stab: Sleeping          |       |       |       |     2 |       ||     2
 Armour: Robe              |    11 |       |       |       |       ||    11
         Ring mail         |    16 |    20 |     5 |       |       ||    41
         Scale mail        |       |       |    55 |   228 |    13 ||   296
         Leather armour    |       |       |     6 |     3 |       ||     9
  Dodge: Dodged            |    64 |    29 |    80 |   338 |    29 ||   540
